cohdb
Replays
Latest Replays
All Replays
Popular Replays
Top Player Replays
Match Explorer
How It Works
Community
CoH3 Stats
Reddit
Sign in to upload your games and track your stats! →
Sign in with Steam
Top 3 Salt - "Lucky" Brit v Bersa Spam
Match 34286047
Overview
Messages
Build Orders
End
Royal Engineer Section
Selects Heavy Armor Battlegroup
Royal Engineer Section
Vickers Machine Gun Team
Construct Section Command Post
Dingo Light Scout Car
Construct Platoon Command Post
Humber Armored Car
Selects Rigorous Vehicle Training
6-pounder Anti-tank Gun Team
Vickers Machine Gun Team
Infantry Section
Infantry Section
Grenade Package
Construct Company Command Post
Crusader II Medium Tank
Tanith's Finest
Top3Control
0
0
Comments
sign in to comment!
No comments posted yet!